 Dungeon Crawl Stone Soup version 0.32-a0-814-g0968bab981 (webtiles) character file.

Game seed: 14744789555464949052

0 smashvw the Trooper (level 1, -1/14 HPs)
             Began as a Gargoyle Monk on Mar 22, 2024.
             Slain by a gnoll
             ... wielding a +0 whip
              (7 damage)
             ... on level 1 of the Dungeon.
             The game lasted 00:00:47 (28 turns).

smashvw the Trooper (Gargoyle Monk)                   Turns: 28, Time: 00:00:47

Health: -1/14      AC:  4    Str: 14    XL:     1   Next: 10%
Magic:  1/1        EV: 11    Int: 10    God:
Gold:   13         SH:  0    Dex: 12    Spells: 0/0 levels left

rFire   . . .        a - +0 mace
rCold   . . .        d - orb {light}
rNeg    + . .        b - +0 robe
rPois   ∞            (no helmet)
rElec   +            (no cloak)
rCorr   .            (no gloves)
SInv    .            (no boots)
Will    .....        (no amulet)
Stlth   +            (no ring)
HPRegen 0.22/turn    (no ring)
MPRegen 0.07/turn

%: no passive effects
@: glowing, very slow
A: sickness immunity, AC +2, negative energy resistance 1, electricity
resistance, torment resistance 1, petrification resistance
a: no special abilities


You were on level 1 of the Dungeon.
You visited 1 branch of the dungeon, and saw 1 of its levels.

You collected 13 gold pieces.

Inventory:

Hand Weapons
 a - a +0 mace (weapon)
Armour
 b - a +0 robe (worn)
 d - an orb of light (worn)
Potions
 c - a potion of ambrosia


   Skills:
 + Level 3.3 Fighting
 + Level 3.0 Maces & Flails
 - Level 2.4 Dodging


You couldn't memorise any spells.
You didn't know any spells.
Your spell library was empty.

Dungeon Overview and Level Annotations

Branches:
Dungeon (1/15)

Altars:


Innate Abilities, Weirdness & Mutations

You are immune to sickness and miasma.
Your stone body is resilient. (AC +2)
You are immune to poison.
You resist negative energy. (rN+)
You are resistant to electric shocks. (rElec)
You are resistant to unholy torment.
You are immune to petrification.


Message History

Found a sling.
You now have 13 gold pieces.
A gnoll comes into view. It is wielding a +0 whip.
The gnoll shouts!
A gnoll is nearby!
A ball python comes into view.
The ball python hisses angrily.
The ball python moves out of view.
You enter the shallow water.
Moving in this stuff is going to be slow.
The ball python bites you but does no damage.
Your unstable footing causes you to fumble your attack.
The ball python bites you.
You hit the gnoll but do no damage.
The ball python bites you but does no damage.
The ball python misses you. The gnoll closely misses you.
The ball python bites you but does no damage.
The ball python grabs you. The ball python constricts you.
You hit the ball python.
You kill the ball python!
The gnoll barely misses you.
An endoplasm comes into view.
The endoplasm quivers.
You hit the gnoll.
The gnoll is moderately wounded.
The gnoll barely misses you.
Your unstable footing causes you to fumble your attack.
The gnoll hits you with a +0 whip!
Ouch! That really hurt!
The gnoll misses you.
You are too injured to fight recklessly!
You are too injured to fight recklessly!
You are too injured to fight recklessly!
Unknown command.
Okay, then.
You hit the gnoll.
The gnoll is heavily wounded.
The gnoll hits you with a +0 whip!
Ouch! That really hurt!
You die...

♣~~≈≈~P....~~♣
♣~P≈≈~P~...~~♣
♣♣~~P~♣...~PJ♣
.♣~~~~~P...PP~♣
~~~PP~....~~~♣
♣~~PP~....~~~♣
#~♣~~P~†..~~~♣
#.)#P~.@g~~♣
#.###..##~♣..~♣~...
........##...~♣ .
#........♣~...
#..###.........
#..............
###...####...####
#..........#.#
#.#.########...


You could see a gnoll and an endoplasm.

Vanquished Creatures
  A ball python (D:1)
1 creature vanquished.

Notes
Turn   | Place    | Note
-------+----------+-------------------------------------------
     0 | D:1      | smashvw the Gargoyle Monk began the quest for the Orb.
     0 | D:1      | Reached XP level 1. HP: 14/14 MP: 1/1
    28 | D:1      | Slain by a gnoll

Illustrated notes

Levels and vault maps discovered:
D:1:      dpeg_arrival_tiny_i, layout_basic, serial_bayou,
          serial_bayou_lagoon_a, serial_bayou_pond_a, serial_bayou_ford_a,
          serial_bayou_pond_c, solitary_fountain

Action                     || total
---------------------------++-------
  Melee: Mace              ||     6
 Armour: Robe              ||     7
  Dodge: Dodged            ||     5

Table legend: (Time is in decaauts)
 A = Elapsed time spent in this place.
 B = Non-inter-level travel time spent in this place.
 C = Inter-level travel time spent in this place.
 D = Time resting spent in this place.
 E = Time spent auto-exploring this place.
 F = Levels seen in this place.
 G = Mean time per level.
                   A        B        C        D        E       F      G
               +--------+--------+--------+--------+--------+-----+--------+
         Total |     29 |     29 |      0 |      0 |     17 |   1 |   29.0 |
       Dungeon |     29 |     29 |      0 |      0 |     17 |   1 |   29.0 |
               +--------+--------+--------+--------+--------+-----+--------+

Top non-repeatable levels by time:
     D:1: 29 daAuts
